 Dungeon Crawl Stone Soup version 0.24.1-14-gf8d2b509d9 (webtiles) character file.

Game seed: 17416641557212753004, levelgen mode: deterministic

1362 Gabide the Cudgeler (level 8, -1/60 HPs)
             Began as a Human Fighter on May 26, 2020.
             Was a Follower of Uskayaw.
             Slain by an orc wizard
             ... wielding a +0 dagger
              (2 damage)
             ... on level 7 of the Dungeon.
             The game lasted 00:14:51 (7255 turns).

Gabide the Cudgeler (Human Fighter)                 Turns: 7255, Time: 00:14:52

Health: -1/60      AC:  8    Str: 19    XL:     8   Next: 96%
Magic:  4/8        EV: 13    Int:  9    God:    Uskayaw [*.....]
Gold:   302        SH:  0    Dex: 12    Spells: 7/7 levels left

rFire    + . .     SeeInvis .   h - -1 executioner's axe
rCold    . . .     Gourm    +   (shield currently unavailable)
rNeg     . . .     Faith    .   l - +3 leather armour {rF+}
rPois    .         Spirit   .   (no helmet)
rElec    .         Reflect  .   s - +0 cloak
rCorr    .         Harm     .   (no gloves)
MR       .....                  m - +0 pair of boots
Stlth    +.........             d - amulet of the gourmand
HPRegen  0.20/turn              (no ring)
MPRegen  0.11/turn              (no ring)

@: no status effects
A: no striking features
a: Stomp, Renounce Religion


You were on level 7 of the Dungeon.
You worshipped Uskayaw.
Uskayaw was noncommittal.
You were not hungry.

You visited 1 branch of the dungeon, and saw 7 of its levels.

You collected 377 gold pieces.
You spent 75 gold pieces at shops.

Inventory:

Hand Weapons
 a - a +0 flail
 g - a +0 trident of piercing
 h - a -1 executioner's axe (weapon)
Armour
 c - a +0 shield
 l - a +3 leather armour of fire resistance (worn)
 m - a +0 pair of boots (worn)
 s - a +0 cloak (worn)
 z - a +0 plate armour
Jewellery
 d - an amulet of the gourmand (around neck)
Wands
 p - a wand of enslavement (10)
 t - a wand of disintegration (2)
Scrolls
 e - 3 scrolls of remove curse
Potions
 b - a potion of resistance {unknown}
 i - a potion of cancellation {unknown}
 j - 3 potions of agility {unknown}
 k - a potion of heal wounds {unknown}
 n - 2 potions of berserk rage {unknown}
 q - 5 potions of curing {unknown}
 r - 3 potions of lignification
 u - a potion of haste {unknown}
 w - a potion of degeneration {unknown}
Comestibles
 f - 16 rations


   Skills:
 - Level 4.2 Fighting
 * Level 3.4(5.5) Axes
 - Level 6.8(7.2) Maces & Flails
 - Level 3.7 Armour
 - Level 4.2 Dodging
 - Level 4.7 Shields
 - Level 0.4 Evocations


You had 7 spell levels left.
You didn't know any spells.
Your spell library was empty.

Dungeon Overview and Level Annotations

Branches:
Dungeon (7/15)             Temple (0/1) D:5

Altars:
Fedhas
Hepliaklqana
Makhleb
Ru
Sif Muna
Uskayaw

Shops:
D:6 *}


Message History

* * * LOW HITPOINT WARNING * * *
You can now pass through a line of other dancers.
Aiming: Line Pass
Press: ? - help, Dir - move target cursor The bullfrog appears confused.
You feel somewhat more hungry.
You can no longer pass through a line of other dancers.
The bullfrog completely misses the orc wizard.
The bullfrog hits you.
* * * LOW HITPOINT WARNING * * *
You see here a quokka corpse.
You slash the bullfrog!
You kill the bullfrog!
Your base Axes skill increases to level 3!
You barely miss the orc wizard.
The orc wizard gestures at you while chanting.
The magic dart hits you.
* * * LOW HITPOINT WARNING * * *
The orc barely misses you.
The orc wizard hits you with a +0 dagger.
You die...

..##### ......#
....... .....
......# ......
......# .....
......# .....
......# #.#.#
......### #.#.#
........### #.#.#
####..#...####†#@#
##.###......oo#
#.# ######..o# #.#
#...# #.# #.#../#
## #.## #......#
..###..# ..##...#
..###.#####>#.#
#..#
#.##........#.#
#.#


You could see an orc wizard and 2 orcs.

Vanquished Creatures
  Grinder (D:6)
  Sigmund (D:6)
  Eustachio (D:5)
  Duvessa (D:4)
  An ogre (D:6)
  The ghost of zujk the Insei, an amateur OpTm (D:3)
  A bullfrog (D:7)
  Dowan (D:4)
  A howler monkey (D:7)
  A centaur zombie (D:6)
  A bullfrog skeleton (D:4)
  2 hounds
  An orc priest (D:4)
  3 orc wizards
  A worker ant (D:5)
  A hound zombie (D:7)
  A gnoll (D:1)
  7 adders
  A shadow imp (D:7)
  2 adder zombies
  A worm (D:3)
  6 leopard geckos
  4 orcs
  5 bats
  4 giant cockroaches
  13 goblins
  5 hobgoblins
  9 jackals
  8 kobolds
  A quokka (D:7)
  3 frilled lizards
  3 rats
92 creatures vanquished.

Notes
Turn   | Place    | Note
-------+----------+-------------------------------------------
     0 | D:1      | Gabide the Human Fighter began the quest for the Orb.
     0 | D:1      | Reached XP level 1. HP: 18/18 MP: 1/1
   311 | D:1      | Reached XP level 2. HP: 24/24 MP: 2/2
   675 | D:1      | Reached XP level 3. HP: 18/29 MP: 3/3
   843 | D:1      | You fall into a shaft and drop 1 floor!
  1492 | D:2      | Reached skill level 3 in Maces & Flails
  1492 | D:2      | Reached XP level 4. HP: 32/35 MP: 4/4
  2716 | D:3      | Found a hide-covered altar of Uskayaw.
  2725 | D:3      | Became a worshipper of Uskayaw the Reveler
  2775 | D:3      | Found a transporter.
  2775 | D:3      | Noticed zujk's ghost (amateur OpTm)
  2784 | D:3      | Found a transporter.
  2823 | D:3      | Reached * piety under Uskayaw
  2829 | D:3      | Reached ** piety under Uskayaw
  2835 | D:3      | HP: 1/35 [goblin/+0 club (3)]
  2849 | D:3      | Killed zujk's ghost
  2849 | D:3      | Reached skill level 1 in Dodging
  2849 | D:3      | Reached XP level 5. HP: 37/41 MP: 5/5
  3676 | D:3      | Reached XP level 6. HP: 47/47 MP: 6/6
  3720 | D:4      | Noticed Duvessa
  3721 | D:4      | Noticed Dowan
  3733 | D:4      | Killed Duvessa
  3733 | D:4      | Reached skill level 4 in Maces & Flails
  3744 | D:4      | Reached *** piety under Uskayaw
  3745 | D:4      | Killed Dowan
  3767 | D:4      | Found a blossoming altar of Fedhas.
  3867 | D:4      | Reached XP level 7. HP: 50/53 MP: 7/7
  3944 | D:4      | Reached skill level 5 in Maces & Flails
  4253 | D:4      | Reached **** piety under Uskayaw
  4856 | D:4      | Found a hazy altar of Hepliaklqana.
  4856 | D:4      | Found a sacrificial altar of Ru.
  4939 | D:5      | Entered Level 5 of the Dungeon
  4947 | D:5      | Found a staircase to the Ecumenical Temple.
  5124 | D:5      | Found a burning altar of Makhleb.
  5143 | D:5      | Noticed Eustachio
  5161 | D:5      | Killed Eustachio
  5646 | D:5      | You fall into a shaft and drop 1 floor!
  5820 | D:6      | Found Syon Oni's General Store.
  5826 | D:6      | Noticed Sigmund
  5880 | D:6      | Killed Sigmund
  5880 | D:6      | Reached skill level 6 in Maces & Flails
  5880 | D:6      | Reached XP level 8. HP: 32/60 MP: 8/8
  6010 | D:6      | Noticed Grinder
  6010 | D:6      | Paralysed by Grinder for 4 turns
  6023 | D:6      | Paralysed by Grinder for 6 turns
  6068 | D:6      | Killed Grinder
  6325 | D:6      | Found Otaelanottia's Lightly-Used Armoury.
  6332 | D:6      | Bought a -1 executioner's axe for 75 gold pieces
  6483 | D:6      | Found a shimmering blue altar of Sif Muna.
  7133 | D:6      | Found Qiul Moi's Gadget Boutique.
  7255 | D:7      | HP: 1/60 [orc wizard/magic dart (5)]
  7255 | D:7      | Slain by an orc wizard

Levels and vault maps discovered:
D:1:      lightli_arrival_statuegarden, layout_basic, corexii_corridor_pit
D:2:      layout_loops_ring, kennysheep_generic_room_3
D:3:      layout_loops_ring, overflow_temple_1_default, gammafunk_ghost_arena
D:4:      layout_loops_corners, nicolae_overflow_crystal_walls,
          amethyst_overflow_temple_binary, first_ration,
          kennysheep_generic_room_9, uniq_duvessa
D:5:      layout_cave_pools, minmay_temple_entry_mist, basic_altar,
          uniq_eustachio
D:6:      layout_loops_ring, tgw_sif, serial_shops, kennysheep_mini_moat, shop,
          minivault_26, minmay_shop_damaged, uniq_sigmund, uniq_grinder
D:7:      layout_rooms, lemuel_round_altar

Skill      XL: |  1  2  3  4  5  6  7  8 |
---------------+-------------------------+-----
Maces & Flails | 3 4 6 |  6.8
Dodging        | 1 2 3 4 |  4.2
Shields        | 4 |  4.7
Fighting       | 4 |  4.2
Axes           | 3 |  3.4
Armour         | |  3.7
Evocations     | |  0.4

Action                   |  1- 3 |  4- 6 |  7- 9 || total
-------------------------+-------+-------+-------++-------
Melee: Flail             |   124 |   173 |   177 ||   474
       Executioner's axe |       |       |    43 ||    43
Invok: Line Pass         |       |     1 |     2 ||     3
       Stomp             |       |       |     3 ||     3
Evoke: Wand              |       |     3 |     4 ||     7
  Use: Scroll            |     2 |     2 |     5 ||     9
       Potion            |       |     3 |     5 ||     8
 Stab: Paralysed         |       |    11 |     3 ||    14
  Eat: Chunk             |     1 |     8 |    13 ||    22
       Ration            |       |       |     1 ||     1
Armor: Scale mail        |    60 |    19 |       ||    79
       Leather armour    |       |    59 |   141 ||   200
       Skin              |       |    19 |    13 ||    32
Dodge: Dodged            |    56 |    74 |   171 ||   301
Block: Shield            |    65 |    88 |   104 ||   257
